 Dungeon Crawl Stone Soup version 0.31-a0-4-gefa6de2278 (webtiles) character file.

Game seed: 5692357098681090734

1542 bande the Chopper (level 8, 0/49 HPs)
             Began as a Gargoyle Fighter on May 4, 2023.
             Killed from afar by Joseph (10 damage)
             ... with a puff of flame
             ... on level 7 of the Dungeon.
             The game lasted 00:10:10 (6756 turns).

bande the Chopper (Gargoyle Fighter)                Turns: 6756, Time: 00:10:11

Health: 0/49       AC: 19    Str: 19    XL:     8   Next: 87%
Magic:  8/8        EV:  7    Int: 16    God:
Gold:   287        SH: 10    Dex: 11    Spells: 7/7 levels left

rFire   . . .        a - +1 war axe
rCold   . . .        c - +0 buckler
rNeg    + . .        n - +0 chain mail
rPois   ∞            (no helmet)
rElec   +            m - +1 cloak
rCorr   .            (no gloves)
SInv    .            w - +0 pair of boots
Will    .....        e - amulet of reflection Stlth
                     t - +6 ring of intelligence
HPRegen 0.28/turn    (no ring)
MPRegen 0.11/turn

%: reflection
@: no status effects
A: sickness immunity, AC +5, negative energy resistance 1, electricity
resistance, torment resistance 1, petrification resistance
a: no special abilities


You were on level 7 of the Dungeon.
You visited 2 branches of the dungeon, and saw 8 of its levels.

You collected 287 gold pieces.

Inventory:

Hand Weapons
 a - a +1 war axe (weapon)
 b - a +0 flail
 p - a +0 war axe
Missiles
 v - a throwing net (quivered)
Armour
 c - a +0 buckler (worn)
 m - a +1 cloak (worn)
 n - a +0 chain mail (worn)
 w - a +0 pair of boots (worn)
Jewellery
 e - an amulet of reflection (around neck)
 t - a +6 ring of intelligence (left hand)
Wands
 j - a wand of flame (17)
 u - a wand of charming (15)
Scrolls
 k - 4 scrolls of amnesia
 o - 2 scrolls of fog
 q - a scroll of enchant weapon
 s - 4 scrolls of identify
Potions
 d - 3 potions of might
 f - 2 potions of lignification {unknown}
 g - a potion of cancellation
 h - 2 potions of curing
 i - a potion of brilliance {unknown}
 l - 3 potions of flight
 r - a potion of mutation {unknown}


   Skills:
 + Level 5.2 Fighting
 + Level 6.7 Axes
 + Level 5.8 Armour
 - Level 0.1 Dodging
 + Level 6.2 Shields
 * Level 2.3 Evocations


You had 7 spell levels left.
You didn't know any spells.
Your spell library contained the following spells:

 Spells                   Type           Power      Damage    Failure   Level
 Necrotise                Necr           0%         1d4       92%         1
 Static Discharge         Conj/Air       0%         2-2/arc   98%         2
 Stone Arrow              Conj/Erth      0%         3d7       100%        3
 Vampiric Draining        Necr           0%         2d6       100%        3
 Airstrike                Air            0%         2d(0-16)  100%        4
 Animate Armour           Summ/Erth      0%         N/A       100%        4
 Summon Lightning Spire   Summ/Air       0%         N/A       100%        4
 Agony                    Necr           0%         N/A       100%        5
 Lehudib's Crystal Spear  Conj/Erth      0%         10d2      100%        8


Dungeon Overview and Level Annotations

Branches:
Dungeon (7/15)             Temple (1/1) D:5

Altars:
Ashenzari
Cheibriados
Dithmenos
Elyvilon
Fedhas
Gozag
Hepliaklqana
Kikubaaqudgha
Makhleb
Nemelex Xobeh
Okawaru
Qazlal
Ru
Sif Muna
Trog
Uskayaw
Vehumet
Wu Jian
Xom
Yredelemnul
Zin

Annotations:
D:7 Joseph


Innate Abilities, Weirdness & Mutations

You are immune to sickness and miasma.
Your stone body is resilient. (AC +5)
You are immune to poison.
You resist negative energy. (rN+)
You are resistant to electric shocks. (rElec)
You are resistant to unholy torment.
You are immune to petrification.


Message History

Joseph hits you with a +0 quarterstaff! The goblin hits you but does no damage.
You block the orc's attack.
Unknown command.
You completely miss Joseph.
Joseph is moderately wounded.
You completely miss the goblin. You hit the orc.
Joseph hits you with a +0 quarterstaff. The goblin hits you but does no damage.
The orc hits you with a +0 club. Joseph hits you but does no damage.
You block the goblin's attack.
Unknown command.
You closely miss Joseph.
Joseph is moderately wounded.
You closely miss the orc. You hit the goblin.
You kill the goblin!
You block the orc's attack. You block Joseph's attack.
You barely miss Joseph.
Joseph is moderately wounded.
You barely miss the goblin. You barely miss the orc.
You block the orc's attack. You block the goblin's attack.
You block Joseph's attack. The orc barely misses you.
Unknown command.
You slash Joseph!
Joseph is heavily wounded.
You slash the orc!
You kill the orc!
You slash the goblin!
You kill the goblin!
Joseph zaps a wand.
You block puff of flame... and reflect it back!
The puff of flame hits Joseph!
You closely miss Joseph.
Joseph is severely wounded.
Joseph zaps a wand.
The puff of flame hits you!
* * * LOW HITPOINT WARNING * * *
Joseph hits you with a +0 quarterstaff.
* * * LOW HITPOINT WARNING * * *
You hit Joseph.
Joseph is severely wounded.
Joseph zaps a wand.
The puff of flame hits you!
You die...

~≈~~~~~.........#
~#####≈.........#
# #~[........# #.
#~.........# .
#.. #~..$..$####
.~##.##~......#
.~~≈~~)~.../..#
......))...)..#
....>.@@.+##....
........#..#....#
........#..#....#
.!......##+# ...#
........#
........#
##......#
#......#


You could see Joseph.

Vanquished Creatures
  A steam dragon (D:6)
  An orc warrior (D:6)
  3 black bears
  The ghost of turdburglar the Digger, an amateur GrEE (D:2)
  A gnoll sergeant (D:5)
  3 scorpions
  A howler monkey (D:6)
  4 hounds
  4 jellies
  3 orc priests
  2 sleepcaps
  An iguana (D:6)
  2 orc wizards
  5 gnolls
  9 adders
  An ufetubus (D:6)
  5 worms
  A dart slug (D:4)
  12 orcs
  10 ball pythons
  6 endoplasms
  6 giant cockroaches
  5 goblins
  8 hobgoblins
  8 quokkas
  9 bats
  6 frilled lizards
  9 kobolds
  3 rats
130 creatures vanquished.

Vanquished Creatures (others)
  2 goblins (D:7)
2 creatures vanquished.

Grand Total: 132 creatures vanquished

Notes
Turn   | Place    | Note
-------+----------+-------------------------------------------
     0 | D:1      | bande the Gargoyle Fighter began the quest for the Orb.
     0 | D:1      | Reached XP level 1. HP: 14/14 MP: 1/1
   144 | D:1      | Reached XP level 2. HP: 17/19 MP: 2/2
   979 | D:2      | Reached XP level 3. HP: 23/23 MP: 3/3
  1223 | D:2      | Reached XP level 4. HP: 28/29 MP: 4/4
  1894 | D:3      | Found a large runed translucent door.
  1894 | D:3      | Found a large runed translucent door.
  2000 | D:3      | Reached XP level 5. HP: 7/33 MP: 5/5
  2540 | D:3      | Noticed turdburglar's ghost (amateur GrEE)
  2625 | D:2      | Killed turdburglar's ghost
  2803 | D:4      | Reached XP level 6. HP: 33/38 MP: 6/6
  2945 | D:4      | Noticed a black bear
  2961 | D:3      | Killed a black bear
  3132 | D:4      | Reached skill level 5 in Shields
  3132 | D:4      | Reached XP level 7. HP: 40/43 MP: 7/7
  3474 | D:5      | Entered Level 5 of the Dungeon
  4148 | D:5      | Reached skill level 5 in Axes
  4400 | D:5      | Reached skill level 5 in Armour
  4704 | D:5      | Reached XP level 8. HP: 48/48 MP: 8/8
  4871 | D:5      | Reached skill level 1 in Evocations
  5386 | D:5      | Found a staircase to the Ecumenical Temple.
  5435 | Temple   | Entered the Ecumenical Temple
  5435 | Temple   | Found a transporter.
  5435 | Temple   | Found a transporter.
  5437 | Temple   | Found a transporter.
  5437 | Temple   | Found a transporter.
  5631 | D:6      | Reached skill level 5 in Fighting
  5866 | D:6      | Found an ornate altar of the Wu Jian Council.
  5868 | D:6      | Found a radiant altar of Vehumet.
  6739 | D:7      | Noticed Joseph
  6756 | D:7      | Killed from afar by Joseph

Illustrated notes

Levels and vault maps discovered:
D:1:      wheals_arrival_linesprint, layout_basic,
          nicolae_concentric_dashed_squares_wild
D:2:      minmay_recursive_quarters, layout_loops_ring,
          hangedman_decor_peaks_small, minmay_distorted
D:3:      layout_loops_ring, ebering_ghost_disaster_area
D:4:      minmay_chambers_of_threes, layout_rooms,
          hangedman_abyss_or_decor_stabs
D:5:      layout_loops_ring, minmay_temple_entry_purple_smoke
D:6:      layout_loops_ring, grunt_temple_overflow_open, dk_noncrumbling_3
D:7:      layout_gridville, enter_bailey_3, uniq_joseph
Temple:   hellmonk_temple_divided_pantheon

Skill      XL: |  1  2  3  4  5  6  7  8 |
---------------+-------------------------+-----
Axes           | 2 3 4 5 6 |  6.7
Shields        | 4 5 6 |  6.2
Armour         | 4 5 |  5.8
Fighting       | 4 5 |  5.2
Evocations     | 2 |  2.3
Dodging        | |  0.1

Action                     |  1- 3 |  4- 6 |  7- 9 || total
---------------------------+-------+-------+-------++-------
  Melee: War axe           |   143 |   143 |   239 ||   525
    Use: Scroll            |     2 |     4 |     5 ||    11
         Potion            |       |     1 |     1 ||     2
 Armour: Scale mail        |    86 |    21 |       ||   107
         Chain mail        |       |    58 |   158 ||   216
  Dodge: Dodged            |    69 |    44 |    76 ||   189
  Block: Buckler           |    69 |    95 |   137 ||   301
         Reflection        |     1 |     9 |     5 ||    15

Table legend: (Time is in decaauts)
 A = Elapsed time spent in this place.
 B = Non-inter-level travel time spent in this place.
 C = Inter-level travel time spent in this place.
 D = Time resting spent in this place.
 E = Time spent auto-exploring this place.
 F = Levels seen in this place.
 G = Mean time per level.
                   A        B        C        D        E       F      G
               +--------+--------+--------+--------+--------+-----+--------+
         Total |   6938 |   6655 |    283 |   1778 |   3418 |   8 |  867.2 |
       Dungeon |   6883 |   6600 |    283 |   1778 |   3416 |   7 |  983.3 |
        Temple |     55 |     55 |      0 |      0 |      2 |   1 |   55.0 |
               +--------+--------+--------+--------+--------+-----+--------+

Top non-repeatable levels by time:
     D:4: 1836 daAuts
     D:6: 1175 daAuts
     D:5: 1011 daAuts
     D:2: 1002 daAuts
     D:1: 952 daAuts
     D:3: 876 daAuts
  Temple: 55 daAuts
     D:7: 29 daAuts
